 Dungeon Crawl Stone Soup version 0.20-a0-502-g555d78b (webtiles) character file.

5562 dvd the Basher (level 10, 0/150 HPs)
             Began as a Troll Berserker on Jan 20, 2017.
             Was an Elder of Trog.
             Slain by a porcupine (4 damage)
             ... on level 8 of the Dungeon.
             The game lasted 00:20:17 (7376 turns).

dvd the Basher (Troll Berserker)                    Turns: 7376, Time: 00:20:18

Health: 0/150      AC:  8    Str: 32    XL:     10   Next: 44%
Magic:  9/9        EV: 14    Int:  7    God:    Trog [****..]
Gold:   188        SH:  0    Dex: 19    Spells: 9/9 levels left

rFire    . . .     SeeInvis .   a - +8 flail "Qyggyuvy" {crush, rElec rN+ Int+4 Dex+7}
rCold    + . .     Gourm    +   F - +2 robe {rC+}
rNeg     + . .     Faith    .   (no shield)
rPois    .         Spirit   .   (helmet restricted)
rElec    +         Reflect  .   I - +0 cloak
rCorr    .         Harm     .   (gloves unavailable)
MR       .....                  (boots unavailable)
Stlth    ..........             (no amulet)
Regen    0.8/turn               (no ring)
                                h - ring of flight

@: berserking (expiring), lethally poisoned (0 -> -31), very quick
A: unfitting armour, claws 3, fast metabolism 3, gourmand, regeneration 1,
shaggy fur 1, tough skin 2
a: Berserk, Trog's Hand, Brothers in Arms, Burn Spellbooks, Renounce Religion,
Evoke Flight


You were on level 8 of the Dungeon.
You worshipped Trog.
Trog was greatly pleased with you.
You were very full.

You visited 2 branches of the dungeon, and saw 9 of its levels.

You collected 426 gold pieces.
You spent 238 gold pieces at shops.

Inventory:

Hand Weapons
 a - the +8 flail "Qyggyuvy" (weapon) {crush, rElec rN+ Int+4 Dex+7}
   (You bought it in a shop on level 8 of the Dungeon)

   It inflicts extra damage upon your enemies.
   It affects your intelligence (+4).
   It affects your dexterity (+7).
   It insulates you from electricity.
   It protects you from negative energy.
 b - a +0 war axe
 H - a +4 quarterstaff of protection
 M - a +1 morningstar of flaming
 P - a +3 quarterstaff of chaos
Missiles
 n - 3 large rocks (quivered)
Armour
 F - a +2 robe of cold resistance (worn)
 I - a +0 cloak (worn)
Jewellery
 h - a ring of flight (left claw)
Wands
 x - a wand of digging (20/24)
 B - a wand of enslavement (11/24)
 D - a wand of enslavement (11/24)
 E - a wand of random effects (40/48)
 G - a wand of iceblast (11/15)
Scrolls
 d - 5 scrolls of recharging
 e - 3 scrolls of teleportation
 g - 3 scrolls of remove curse
 j - 2 scrolls of fear
 k - 2 scrolls of enchant weapon
 m - 6 scrolls of identify
Potions
 f - 6 potions of curing
 i - 2 potions of might
 q - a potion of experience {unknown}
 r - a potion of ambrosia {unknown}
 s - a potion of brilliance {unknown}
 t - a potion of lignification {unknown}
 u - 2 potions of flight {unknown}
 v - 2 potions of agility {unknown}
 C - a potion of cancellation {unknown}
 J - a potion of heal wounds {unknown}
Comestibles
 c - 6 bread rations
 l - 3 chunks of flesh
 o - 3 meat rations
 p - 4 beef jerkies
 w - 2 royal jellies
 z - 6 fruits


   Skills:
 + Level 6.5 Fighting
 + Level 9.3(9.9) Maces & Flails
 + Level 4.6(7.2) Staves
 + Level 1.7 Throwing
 + Level 6.4 Dodging
 + Level 1.8 Stealth


You had 9 spell levels left.
You didn't know any spells.

Dungeon Overview and Level Annotations

Branches:
Dungeon (8/15)             Temple (0/1) D:5            Lair (1/6) D:8

Altars:
Cheibriados
Dithmenos
Elyvilon
Gozag
Sif Muna
Trog
Yredelemnul

Shops:
D:8 [(=?[


Innate Abilities, Weirdness & Mutations

You are too large for most types of armour.
You have claws for hands.
Your metabolism is lightning-fast.
You like to eat raw meat.
Your natural rate of healing is unusually fast.
You are covered in fur. (AC +1)
You have very tough skin. (AC +2)


Message History

The water moccasin poisons you! The adder barely misses you.
The black mamba bites you but does no damage.
You miss the water moccasin.
The water moccasin is moderately wounded.
You feel sick. The porcupine closely misses you.
Unknown command.
You bludgeon the water moccasin!!
The water moccasin is severely wounded.
You feel sick. The black mamba bites you!
* * * LOW HITPOINT WARNING * * *
You are more poisoned.
The black mamba poisons you! The water moccasin bites you.
* * * LOW HITPOINT WARNING * * *
The black mamba bites you but does no damage.
You are struck by the porcupine's spines.
* * * LOW HITPOINT WARNING * * *
You barely miss the porcupine.
* * * LOW HITPOINT WARNING * * *
You feel sick. The porcupine bites you.
You die...

#.####...# #..........# #
##.##[..#.# ###..#.##### ##
#..##.##..# #.#..# .#
#.###.#..## #.#.## .###.#
#...## ##.#.# ######
.....###..## ##..#.###.....
...##.<[..# ##..##.##..####
.#.#..#...# #####.........##
.#.#.##.#######S@Sr....#.####
###
.#...##.#.....SSSr.PP....#
##..
.....##.#..>...##..)∩P...#
#..#
[#..>...#.####(.#..P.P..##
###.## ).........#
##.#.......# ##...#
###.####..# ##.#...##.##
#..### #.....##.##
#....####.# ##.##
.......#.#####.#.## #.# #.(#
.......#.#.....#..####.###.##


You could see a black mamba, 3 water moccasins, 2 porcupines and an adder.

Vanquished Creatures
  Erica (D:8)
  Joseph (D:8)
  Psyche (D:8)
  The ghost of Yoshimo the Caller, an amateur MfSu (D:5)
  Grinder (D:6)
  Prince Ribbit (D:8)
  A wyvern (D:8)
  Sigmund (D:2)
  2 vampire mosquitoes (D:8)
  An orc warrior (D:6)
  A black bear (D:6)
  2 ice beasts (D:7)
  A necrophage (D:8)
  2 sky beasts
  3 ogres
  A wolf (D:8)
  7 centaurs
  Blork the orc (D:4)
  4 bullfrogs
  A wyvern skeleton (D:7)
  7 wights (D:7)
  2 scorpions
  4 crimson imps
  2 bullfrog zombies
  4 hounds
  2 jellies
  Crazy Yiuf (D:6)
  A bullfrog skeleton (D:6)
  An iron imp (D:7)
  An iguana (D:6)
  3 orc wizards
  5 worker ants
  Robin (D:4)
  9 adders
  2 howler monkey skeletons (D:5)
  An ooze (D:1)
  An adder skeleton (D:7)
  A worm (D:2)
  A dart slug (D:2)
  3 leopard geckos
  8 orcs
  4 giant cockroaches (D:2)
  18 goblins
  10 hobgoblins
  4 jackals
  5 kobolds
  4 quokkas
  A ball python (D:3)
  3 bats (D:1)
  3 frilled lizards
  A jackal skeleton (D:6)
  A leopard gecko skeleton (D:7)
  8 rats
156 creatures vanquished.

Vanquished Creatures (others)
  An iguana (D:7)
  An orc wizard (D:6)
  A plant (D:8)
3 creatures vanquished.

Grand Total: 159 creatures vanquished

Notes
Turn   | Place    | Note
-------+----------+-------------------------------------------
     0 | D:1      | dvd the Troll Berserker began the quest for the Orb.
     0 | D:1      | Reached XP level 1. HP: 22/22 MP: 0/0
   138 | D:1      | Reached XP level 2. HP: 26/29 MP: 1/1
   202 | D:1      | Reached skill level 3 in Maces & Flails
   995 | D:2      | Noticed Sigmund
  1002 | D:2      | Killed Sigmund
  1002 | D:2      | Reached XP level 3. HP: 37/37 MP: 2/2
  1002 | D:2      | Reached XP level 4. HP: 45/45 MP: 3/3
  1002 | D:2      | Reached XP level 5. HP: 53/53 MP: 4/4
  1256 | D:2      | Reached ** piety under Trog
  1418 | D:2      | Reached skill level 4 in Maces & Flails
  2085 | D:3      | Reached XP level 6. HP: 61/61 MP: 5/5
  2610 | D:4      | Noticed Blork the orc
  2636 | D:4      | Killed Blork the orc
  2708 | D:4      | Noticed Robin
  2745 | D:4      | Killed Robin
  2913 | D:4      | Reached skill level 5 in Maces & Flails
  3367 | D:4      | Reached XP level 7. HP: 68/68 MP: 6/6
  3589 | D:5      | Entered Level 5 of the Dungeon
  3664 | D:5      | Found a staircase to the Ecumenical Temple.
  3681 | D:5      | Found an opulent altar of Gozag.
  4229 | D:5      | Noticed Yoshimo's ghost (amateur MfSu)
  4237 | D:5      | Killed Yoshimo's ghost
  4237 | D:5      | Reached *** piety under Trog
  4237 | D:5      | Reached skill level 6 in Maces & Flails
  4336 | D:5      | Found a bloodstained altar of Trog.
  4571 | D:6      | Reached skill level 1 in Stealth
  4571 | D:6      | Reached XP level 8. HP: 45/78 MP: 7/7
  4779 | D:6      | Reached skill level 5 in Dodging
  4944 | D:6      | Found a shadowy altar of Dithmenos.
  4945 | D:6      | Found a white marble altar of Elyvilon.
  5049 | D:6      | Reached skill level 5 in Fighting
  5049 | D:6      | Reached skill level 7 in Maces & Flails
  5140 | D:6      | Noticed Grinder
  5161 | D:6      | Killed Grinder
  5296 | D:6      | Found a deep blue altar of Sif Muna.
  5569 | D:6      | Reached skill level 1 in Throwing
  5569 | D:6      | Reached XP level 9. HP: 72/88 MP: 8/8
  5605 | D:6      | Found a runed door.
  5609 | D:6      | Noticed Crazy Yiuf
  5617 | D:6      | Killed Crazy Yiuf
  6144 | D:7      | Reached skill level 8 in Maces & Flails
  6144 | D:7      | Reached skill level 1 in Staves
  6268 | D:7      | Found a snail-covered altar of Cheibriados.
  6285 | D:7      | Reached **** piety under Trog
  6713 | D:8      | Noticed Joseph
  6722 | D:8      | Killed Joseph
  6741 | D:8      | Found Xoanoj's Antique Weapon Boutique.
  6744 | D:8      | Found Liruesm's Antique Armour Shoppe.
  6765 | D:8      | Found a staircase to the Lair.
  6770 | D:8      | Bought a crystal flail for 238 gold pieces
  6770 | D:8      | Identified the +8 flail "Qyggyuvy" {crush, rElec rN+ Int+4 Dex+7} (You bought it in a shop on level 8 of the Dungeon)
  6790 | D:8      | Noticed Psyche
  6793 | D:8      | Found a basalt altar of Yredelemnul.
  6794 | D:8      | Noticed Erica
  6801 | D:8      | Killed Psyche
  6806 | D:8      | Noticed Prince Ribbit
  6812 | D:8      | Killed Prince Ribbit
  6814 | D:8      | Killed Erica
  6814 | D:8      | Reached XP level 10. HP: 38/100 MP: 9/9
  6962 | D:8      | Found Kedeuv's Antique Armour Boutique.
  7001 | D:8      | Found Lutu's Magic Scroll Shop.
  7014 | D:8      | Reached skill level 9 in Maces & Flails
  7150 | D:8      | Found Pohubbaomy's Jewellery Emporium.
  7361 | Lair:1   | Entered Level 1 of the Lair of Beasts
  7361 | Lair:1   | Noticed a black mamba
  7376 | D:8      | HP: 5/150 [porcupine's spines (10)]
  7376 | D:8      | Slain by a porcupine

Vault maps used:
D:1:      dpeg_arrival_renting, hangedman_decor_clover_reticule
D:2:      uniq_sigmund
D:3:      minmay_misc_feat_room
D:4:      first_bread, kennysheep_nub, uniq_blork_the_orc, uniq_robin
D:5:      lemuel_ice_spiral_2, lemuel_round_altar, grunt_decor_resistance,
          trog_hazing_becter
D:6:      kennysheep_orc_sif_temple, gammafunk_temple_overflow_pools,
          uniq_grinder, uniq_crazy_yiuf_cottage
D:7:      slow_altar_1
D:8:      old_standard_altar, lair_entry_dummy, serial_shops, shop_scrolls,
          shop, nicolae_shop_overgrown_old_shop, nicolae_shop_behind_doors,
          nicolae_shop_stone, uniq_psyche, uniq_erica, uniq_joseph,
          uniq_prince_ribbit1
Lair:1:   cheibrodos_lair_reptile_den, grunt_megastairs_2

Skill      XL: |  1  2  3  4  5  6  7  8  9 10 |
---------------+-------------------------------+-----
Maces & Flails | 3 4 5 6 7 8 9 |  9.3
Fighting       | 3 4 5 6 |  6.5
Dodging        | 3 4 5 6 |  6.4
Stealth        | 1 |  1.8
Throwing       | 1 |  1.7
Staves         | 4 |  4.6

Action                   |  1- 3 |  4- 6 |  7- 9 | 10-12 || total
-------------------------+-------+-------+-------+-------++-------
Melee: Mace              |    59 |   199 |   222 |       ||   480
       Quarterstaff      |       |       |    66 |       ||    66
       Flail             |       |       |    38 |    53 ||    91
       Morningstar       |       |       |    10 |       ||    10
Throw: Large rock        |       |     7 |    17 |       ||    24
Invok: Berserk           |     1 |     1 |     7 |     1 ||    10
       Trog's Hand       |       |       |     1 |       ||     1
  Use: Scroll            |       |       |     5 |     9 ||    14
 Stab: Sleeping          |       |       |     4 |       ||     4
       Confused          |       |       |     1 |       ||     1
  Eat: Chunk             |    10 |    27 |    39 |     7 ||    83
Armor: Animal skin       |    32 |    73 |    89 |     1 ||   195
       Robe              |       |       |       |    17 ||    17
Dodge: Dodged            |    47 |   112 |   202 |    59 ||   420
